 Dungeon Crawl Stone Soup version 0.31.0-12-g77e489cdc1 (webtiles) character file.

Game seed: 12387353954093751110

60 hawla the Shield-Bearer (level 3, 0/69 HPs)
             Began as a Minotaur Fighter on Mar 5, 2024.
             Succumbed to Crazy Yiuf's poison
             ... on level 2 of the Dungeon.
             The game lasted 00:03:03 (1414 turns).

hawla the Shield-Bearer (Minotaur Fighter)          Turns: 1414, Time: 00:03:03

Health: 0/69       AC: 21    Str: 20    XL:     3   Next: 80%
Magic:  2/2        EV:  2    Int:  5    God:
Gold:   79         SH:  5    Dex: 11    Spells: 2/2 levels left

rFire   . . .        a - +0 long sword
rCold   . . .        c - +0 buckler
rNeg    . . .        g - melded +2 scale mail {rC+}
rPois   +            (helmet currently unavailable)
rElec   .            (cloak currently unavailable)
rCorr   .            (gloves currently unavailable)
SInv    .            (boots currently unavailable)
Will    .....        (no amulet) Stlth
                     (no ring)
HPRegen 0.31/turn    (no ring)
MPRegen 0.08/turn

%: no passive effects
@: berserking, lethally poisoned (0 -> -5), tree-form, attractive, hasted, very
quick
A: stationary, stasis, torment immunity, boosted hp, (horns 2), (retaliatory
headbutt)
a: no special abilities


You were on level 2 of the Dungeon.
You were a tree.
You visited 1 branch of the dungeon, and saw 2 of its levels.

You collected 79 gold pieces.

Inventory:

Hand Weapons
 a - a +0 long sword (weapon)
Missiles
 b - 4 poisoned darts (quivered)
Armour
 c - a +0 buckler (worn)
 g - a +2 scale mail of cold resistance (melded)
Scrolls
 j - a scroll of teleportation {unknown}
 k - a scroll of identify
Potions
 d - a potion of might
 i - a potion of curing {unknown}


   Skills:
 - Level 3.6 Fighting
 - Level 2.4 Long Blades
 - Level 3.6 Armour
 - Level 3.0 Dodging
 + Level 4.5 Shields


You had 2 spell levels left.
You didn't know any spells.
Your spell library was empty.

Dungeon Overview and Level Annotations

Branches:
Dungeon (2/15)

Altars:

Annotations:
D:2 Crazy Yiuf


Innate Abilities, Weirdness & Mutations

You are a tree.
Your roots penetrate the ground, keeping you stationary.
You cannot be teleported.
You are immune to unholy pain and torment.
Your maximum health is greatly increased.
Your equipment is partially melded.
((You have a pair of horns on your head.))
((You reflexively headbutt those who attack you in melee.))


Message History

Found a hammer.
Found a runed translucent door.
As you open the door, it creaks loudly!
You slash Crazy Yiuf! Your headbutt misses Crazy Yiuf.
Crazy Yiuf is moderately wounded.
Crazy Yiuf says, "Mugger!"
Crazy Yiuf barely misses you. You furiously retaliate!
You headbutt Crazy Yiuf.
Crazy Yiuf hits you with a +2 quarterstaff of chaos!
You hit Crazy Yiuf.
Crazy Yiuf is severely wounded.
Crazy Yiuf hits you with a +2 quarterstaff of chaos.
You barely miss Crazy Yiuf.
Crazy Yiuf is severely wounded.
Crazy Yiuf hits you with a +2 quarterstaff of chaos!
* * * LOW HITPOINT WARNING * * *
Crazy Yiuf burns you.
* * * LOW HITPOINT WARNING * * *
You turn into a tree.
Your +2 scale mail of cold resistance melds into your body.
You feel less resistant to cold.
Your roots penetrate the ground.
Crazy Yiuf hits you but does no damage.
You are lethally poisoned!
You closely miss Crazy Yiuf.
Crazy Yiuf is severely wounded.
* * * LOW HITPOINT WARNING * * *
You feel very sick. Crazy Yiuf hits you but does no damage.
You feel yourself speed up. Crazy Yiuf hits you but does no damage.
Unknown command.
It was a potion of attraction.
You feel attractive to monsters.
* * * LOW HITPOINT WARNING * * *
You feel sick.
It was a potion of berserk rage.
A red film seems to cover your vision as you go berserk!
You feel yourself moving faster!
You feel mighty!
* * * LOW HITPOINT WARNING * * *
You feel sick. You block Crazy Yiuf's attack.
You hit Crazy Yiuf.
Crazy Yiuf is severely wounded.
You die...

#.##
#..##........########
##)#
#.###...............#
...#
##........##########.#
#..# #...####### #.#
#.## #...# #.# #.#
#...# ♣♣♣♣♣##.##
#.####...# ###
♣♣♣.♣...+..#
.........#
#...#♣..♣.PP....#
.........#
#...g♣♣♣♣♣.P....#
######..## #)..#♣♣
♣♣P.+.## # #..# ###
♣♣#### # #..## # #...#
#####...####
##.....#....#
...##.#####.## ####÷.#
#..#


You could see Crazy Yiuf.

Vanquished Creatures
  An adder (D:2)
  2 dart slugs
  6 endoplasms (D:1)
  3 giant cockroaches (D:1)
  4 hobgoblins (D:1)
  2 jackals (D:1)
  2 quokkas (D:2)
  4 ball pythons
  5 bats
  4 frilled lizards
  4 goblins
  5 kobolds (D:1)
  3 rats
45 creatures vanquished.

Notes
Turn   | Place    | Note
-------+----------+-------------------------------------------
     0 | D:1      | hawla the Minotaur Fighter began the quest for the Orb.
     0 | D:1      | Reached XP level 1. HP: 19/19 MP: 0/0
    41 | D:1      | Reached skill level 1 in Dodging
    52 | D:1      | Reached XP level 2. HP: 13/26 MP: 1/1
   473 | D:1      | Reached XP level 3. HP: 31/31 MP: 2/2
   641 | D:1      | Reached skill level 4 in Shields
  1402 | D:2      | Found a runed translucent door.
  1403 | D:2      | Noticed Crazy Yiuf
  1412 | D:2      | HP: 2/46 [poisoned by Crazy Yiuf]
  1414 | D:2      | Succumbed to Crazy Yiuf's poison

Illustrated notes

Levels and vault maps discovered:
D:1:      orjb1_lava_funnel, layout_loops_ring, minmay_tromino_i2
D:2:      layout_rooms, serial_bayou, serial_bayou_pond_a, serial_bayou_pond_c,
          serial_bayou_lagoon_a, serial_bayou_lagoon_b, serial_park_tiny_2,
          minmay_fountain_box, kennysheep_generic_room_10,
          uniq_crazy_yiuf_cottage

Skill      XL: |  1  2  3 |
---------------+----------+-----
Dodging        | 1 3 |  3.0
Shields        | 4 |  4.5
Fighting       | |  3.6
Long Blades    | |  2.4
Armour         | |  3.6

Action                     || total
---------------------------++-------
  Melee: Long sword        ||   122
         Headbutt          ||    14
    Use: Potion            ||     3
         Scroll            ||     1
 Armour: Scale mail        ||    72
         Skin              ||     3
  Dodge: Dodged            ||    67
  Block: Buckler           ||    29
